 Dungeon Crawl Stone Soup version 0.23.2-1-ga50397a6bc (webtiles) character file.

Game seed: 1971546069616642070

11387 Foic the Blocker (level 12, -3/95 HPs)
             Began as a Formicid Fighter on May 18, 2019.
             Was a High Priest of Okawaru.
             Killed from afar by an orc sorcerer (36 damage)
             ... with a bolt of negative energy
             ... on level 10 of the Dungeon on May 19, 2019.
             The game lasted 00:45:47 (11499 turns).

Foic the Blocker (Formicid Fighter)                Turns: 11499, Time: 00:45:47

Health: -3/95      AC: 22    Str: 24    XL:     12   Next: 7%
Magic:  12/12      EV:  3    Int:  8    God:    Okawaru [*****.]
Gold:   851        SH: 20    Dex: 12    Spells: 11/11 levels left

rFire    + . .     SeeInvis +   B - +1 battleaxe (chop)
rCold    + + .     Gourm    .   M - +1 large shield {AC+3}
rNeg     . . .     Faith    .   L - +0 gold dragon scales "Qieveist" {rPois rF+ rC+ MR+ rCorr} (curse)
rPois    +         Spirit   .   (helmet unavailable)
rElec    .         Reflect  .   (no cloak)
rCorr    +         Harm     .   (no gloves)
MR       ++...                  P - +0 pair of boots
Stlth    ..........             (no amulet)
HPRegen  0.25/turn              p - ring of protection from cold
MPRegen  0.13/turn              (no ring)

@: drained
A: permanent stasis, dig shafts and tunnels, four strong arms, antennae 3,
molten scales 1, sense surroundings 1, shaggy fur 1, wild magic 1
a: Dig, Shaft Self, Heroism, Finesse, Renounce Religion


You were on level 10 of the Dungeon.
You worshipped Okawaru.
Okawaru was extremely pleased with you.
You were not hungry.

You visited 3 branches of the dungeon, and saw 12 of its levels.
You also visited: Bailey.

You collected 851 gold pieces.

Inventory:

Hand Weapons
 j - a +2 war axe of freezing
 B - a +1 battleaxe of chopping (weapon)
 C - a +5 hunting sling of freezing
 S - a +1 flail of protection
Missiles
 l - 208 stones (quivered)
 n - 118 sling bullets
 N - 3 poisoned tomahawks
Armour
 c - a +0 shield
 H - a +0 crystal plate armour
 K - a +0 plate armour of poison resistance
 L - the cursed +0 gold dragon scales "Qieveist" (worn) {rPois rF+ rC+ MR+ rCorr}
   (You took it off an orc in a bailey)

   It protects you from fire.
   It protects you from cold.
   It protects you from poison.
   It affects your resistance to hostile enchantments.
   It provides partial protection from all sources of acid and corrosion.
   It has a curse placed upon it.
 M - a +1 large shield of protection (worn)
 P - a +0 pair of boots (worn)
Jewellery
 p - a ring of protection from cold (left hand)
 J - an uncursed amulet of harm
Wands
 t - a wand of enslavement (10)
 u - a wand of iceblast (8)
 w - a wand of polymorph (15)
 y - a wand of clouds (4)
 z - a wand of flame (17)
 R - a wand of acid (3)
Scrolls
 a - 2 scrolls of acquirement {unknown}
 b - 3 scrolls of identify
 g - 2 scrolls of blinking {unknown}
 i - 7 scrolls of teleportation {unknown}
 k - 9 scrolls of remove curse {unknown}
 m - 12 scrolls of amnesia {unknown}
 o - 3 scrolls of immolation {unknown}
 q - 3 scrolls of fog {unknown}
 v - a scroll of enchant armour {unknown}
 x - 2 scrolls of noise {unknown}
 A - 2 scrolls of torment {unknown}
 D - a scroll of enchant weapon {unknown}
 E - 2 scrolls of vulnerability {unknown}
 Q - a scroll of fear {unknown}
Potions
 d - 4 potions of might
 e - 4 potions of curing
 h - 3 potions of resistance {unknown}
 r - 4 potions of lignification {unknown}
 s - a potion of ambrosia {unknown}
 F - a potion of flight {unknown}
 G - a potion of agility
 I - a potion of brilliance {unknown}
 O - a potion of degeneration {unknown}
Comestibles
 f - 24 rations
 T - 3 chunks of flesh


   Skills:
 * Level 9.2(8.4) Fighting
 + Level 11.3(10.5) Axes
 + Level 6.9(6.2) Armour
 + Level 1.5(0.9) Dodging
 + Level 0.5(0.0) Stealth
 * Level 12.9(12.1) Shields


You had 11 spell levels left.
You didn't know any spells.
Your spell library contained the following spells:

 Spells                   Type           Power        Failure   Level  Hunger
 Flame Tongue             Conj/Fire      #....        100%        1    ##.....
 Throw Flame              Conj/Fire      #.....       100%        2    ###....
 Conjure Flame            Conj/Fire      #.......     100%        3    ####...
 Inner Flame              Hex/Fire       #.......     100%        3    ####...
 Sticky Flame             Conj/Fire      #.......     100%        4    #####..
 Fireball                 Conj/Fire      #.........   100%        5    ######.


Dungeon Overview and Level Annotations

Branches:
Dungeon (10/15)            Temple (1/1) D:7             Orc (1/2) D:10
   Lair: D:8-11

Altars:
Ashenzari
Cheibriados
Dithmenos
Elyvilon
Fedhas
Gozag
Hepliaklqana
Kikubaaqudgha
Makhleb
Nemelex Xobeh
Okawaru
Qazlal
Ru
Sif Muna
Trog
Uskayaw
Vehumet
Wu Jian
Xom
Yredelemnul
Zin
The Shining One


Innate Abilities, Weirdness & Mutations

You cannot be hasted, slowed, berserked, paralysed or teleported.
You can dig through walls and to a lower floor.
Your four strong arms can wield two-handed weapons with a shield.
You have a pair of large antennae on your head. (SInv)
You are partially covered in molten scales. (AC +2)
You passively map a small area around you.
You are covered in fur. (AC +1)
Your spells are a little harder to cast, but a little more powerful.


Message History

You block the orc sorcerer's attack.
Your gold dragon scales "Qieveist" prevents you from hitting the orc sorcerer.
The orc sorcerer is lightly wounded.
The orc sorcerer hits you with a +0 dagger.
You hit the orc sorcerer but do no damage.
The orc sorcerer is lightly wounded.
You block the orc sorcerer's attack.
You barely miss the orc sorcerer.
The orc sorcerer is lightly wounded.
The orc sorcerer points at you and mumbles some strange words.
The bolt of fire hits you! You resist.
Your gold dragon scales "Qieveist" prevents you from hitting the orc sorcerer.
The orc sorcerer is lightly wounded.
The orc sorcerer mumbles some strange words.
The orc sorcerer shimmers violently.
The orc sorcerer gestures at you while chanting.
You resist with almost no effort.
The orc sorcerer points at you and mumbles some strange words.
The bolt of negative energy hits you!!!
You feel drained.
You die...

##...............##
##....^............## #
##...................## ##
###...##................##
.####....###.............##..##
..##....## ##............##...##
#......## ##..........####...##
#.....## ##..o.....## ##...#
.....## #.@....#########...
....## ###..### #.....##.. .....#
#### #.....###. ...#.##
##.._...... ####..#
########.......... #
##.##########.................
### #................###.........
..####......###########..........
....#..####.....### #..........


You could see an orc sorcerer.

Vanquished Creatures
  Harold (D:7)
  Erica (D:10)
  A two-headed ogre (D:8)
  A queen ant (D:8)
  Pikel (D:4)
  Joseph (D:8)
  A gargoyle (D:10)
  2 hornets (D:9)
  A troll (D:10)
  Grinder (D:5)
  A warg (Orc:1)
  Menkaure (D:4)
  5 soldier ants
  Duvessa (D:4)
  An ice beast (D:10)
  4 sky beasts
  A black bear (D:10)
  9 orc warriors
  4 ogres
  2 necrophages (D:8)
  3 centaurs
  Blork the orc (D:4)
  A big kobold (D:7)
  6 bullfrogs
  Dowan (D:4)
  3 wyvern zombies
  A water moccasin zombie (D:7)
  5 scorpions
  18 wights
  A howler monkey (D:8)
  2 crimson imps
  A centaur zombie (D:10)
  2 hounds
  7 orc priests
  2 bullfrog skeletons (D:6)
  3 jellies
  13 orc wizards
  3 iguanas
  33 worker ants
  A killer bee zombie (D:9)
  A hound zombie (D:5)
  A hound skeleton (D:8)
  A mummy (D:8)
  6 gnolls
  7 adders
  3 shadow imps
  An ooze (D:6)
  An adder skeleton (D:10)
  2 worms
  2 dart slugs
  10 leopard geckos
  61 orcs
  2 ball pythons (D:3)
  4 giant cockroaches
  8 goblins
  5 hobgoblins
  9 jackals
  7 quokkas
  5 bats (D:1)
  5 frilled lizards
  A jackal zombie (D:5)
  10 kobolds
  A leopard gecko skeleton (D:7)
  A quokka zombie (D:8)
  6 rats
307 creatures vanquished.

Vanquished Creatures (others)
  2 slaves (D:4)
  3 orcs (D:4)
  A withered plant (D:8)
6 creatures vanquished.

Grand Total: 313 creatures vanquished

Notes
Turn   | Place    | Note
-------+----------+-------------------------------------------
     0 | D:1      | Foic the Formicid Fighter began the quest for the Orb.
     0 | D:1      | Reached XP level 1. HP: 18/18 MP: 1/1
    99 | D:1      | Reached XP level 2. HP: 15/24 MP: 2/2
   113 | D:1      | Reached skill level 4 in Shields
   342 | D:1      | Reached XP level 3. HP: 24/29 MP: 3/3
   932 | D:2      | Reached XP level 4. HP: 19/37 MP: 4/4
  1207 | D:2      | Gained mutation: You passively map a small area around you.
                  | [potion of mutation]
  1207 | D:2      | Gained mutation: You are covered in fur. (AC +1) [potion of
                  | mutation]
  1207 | D:2      | Gained mutation: Your spells are a little harder to cast,
                  | but a little more powerful. [potion of mutation]
  1207 | D:2      | Gained mutation: You are partially covered in molten
                  | scales. (AC +2) [potion of mutation]
  1355 | D:2      | Reached XP level 5. HP: 40/42 MP: 5/5
  1599 | D:3      | Reached skill level 5 in Shields
  1847 | D:3      | Found a stormy altar of Qazlal.
  2172 | D:4      | Noticed a slave
  2172 | D:4      | Noticed a slave
  2172 | D:4      | Noticed a slave
  2172 | D:4      | Noticed a slave
  2173 | D:4      | Noticed Pikel
  2227 | D:4      | Killed Pikel
  2227 | D:4      | Reached skill level 5 in Fighting
  2227 | D:4      | Reached skill level 1 in Dodging
  2227 | D:4      | Reached skill level 6 in Shields
  2227 | D:4      | Reached XP level 6. HP: 40/51 MP: 6/6
  2227 | D:4      | Reached XP level 7. HP: 44/56 MP: 7/7
  2238 | D:4      | Noticed Duvessa
  2238 | D:4      | Noticed Dowan
  2253 | D:4      | Killed Duvessa
  2253 | D:4      | Reached skill level 5 in Axes
  2253 | D:4      | Reached XP level 8. HP: 19/62 MP: 8/8
  2257 | D:4      | Reached skill level 7 in Shields
  2310 | D:4      | Killed Dowan
  2515 | D:4      | Noticed Menkaure
  2525 | D:4      | Killed Menkaure
  3060 | D:4      | Noticed Blork the orc
  3077 | D:4      | Killed Blork the orc
  3215 | D:5      | Entered Level 5 of the Dungeon
  3480 | D:5      | Noticed Grinder
  3508 | D:5      | Killed Grinder
  3547 | D:5      | Reached skill level 8 in Shields
  4075 | D:6      | Reached XP level 9. HP: 55/69 MP: 9/9
  4234 | D:6      | Reached skill level 5 in Armour
  5599 | D:7      | Reached skill level 9 in Shields
  5709 | D:7      | Noticed Harold
  5739 | D:7      | Killed Harold
  5739 | D:7      | Reached XP level 10. HP: 57/79 MP: 10/10
  6325 | D:7      | Found a staircase to the Ecumenical Temple.
  6348 | D:7      | Reached skill level 10 in Shields
  6353 | Temple   | Entered the Ecumenical Temple
  6571 | Temple   | Became a worshipper of Warmaster Okawaru
  6895 | D:8      | Found a flagged portal.
  6900 | Bailey   | Entered a bailey
  7267 | Bailey   | Noticed an orc knight
  7280 | Bailey   | Identified the cursed +0 gold dragon scales "Qieveist"
                  | {rPois rF+ rC+ MR+ rCorr}
  8225 | D:8      | Noticed a two-headed ogre
  8234 | D:8      | Killed a two-headed ogre
  8234 | D:8      | Reached * piety under Okawaru
  8325 | D:8      | Reached skill level 11 in Shields
  8359 | D:8      | Reached ** piety under Okawaru
  8535 | D:8      | Reached XP level 11. HP: 82/86 MP: 11/11
  8819 | D:8      | Noticed a queen ant
  8831 | D:8      | Killed a queen ant
  8831 | D:8      | Reached skill level 10 in Axes
  8858 | D:8      | Reached *** piety under Okawaru
  9082 | D:8      | Reached skill level 12 in Shields
  9267 | D:8      | Noticed Joseph
  9280 | D:8      | Killed Joseph
  9280 | D:8      | Received a gift from Okawaru
 10080 | D:9      | Reached **** piety under Okawaru
 10321 | D:10     | Entered Level 10 of the Dungeon
 10491 | D:10     | Found a staircase to the Orcish Mines.
 10693 | D:10     | Found a hazy altar of Hepliaklqana.
 10711 | D:10     | Noticed Erica
 10724 | D:10     | Killed Erica
 10983 | D:10     | Reached XP level 12. HP: 78/95 MP: 12/12
 11215 | D:10     | Got an ancient scale mail
 11220 | D:10     | Identified the +4 scale mail of Giphem {+Fly MR- MP+9} (You
                  | found it on level 10 of the Dungeon)
 11392 | Orc:1    | Entered Level 1 of the Orcish Mines
 11459 | Orc:1    | Reached ***** piety under Okawaru
 11479 | Orc:1    | Noticed a sun demon
 11499 | D:10     | Killed from afar by an orc sorcerer

Skill      XL: |  1  2  3  4  5  6  7  8  9 10 11 |
---------------+----------------------------------+-----
Shields        | 4 6 8 9 11 12 | 12.9
Fighting       | 4 5 7 9 |  9.2
Axes           | 3 4 5 6 8 9 11 | 11.3
Armour         | 4 5 6 |  6.9
Dodging        | 1 |  1.5
Stealth        | |  0.5

Action                   |  1- 3 |  4- 6 |  7- 9 | 10-12 || total
-------------------------+-------+-------+-------+-------++-------
Melee: War axe           |   133 |   132 |   223 |       ||   488
       Battleaxe         |       |       |   121 |   621 ||   742
Throw: Stone             |       |       |       |    62 ||    62
  Use: Potion            |     2 |     2 |     3 |     1 ||     8
       Scroll            |     3 |     1 |     2 |     2 ||     8
  Eat: Chunk             |       |     5 |     8 |    14 ||    27
       Ration            |       |       |     1 |     2 ||     3
Armor: Scale mail        |    66 |    30 |       |       ||    96
       Chain mail        |       |    25 |    76 |       ||   101
       Skin              |       |       |     5 |       ||     5
       Plate armour      |       |       |    53 |    62 ||   115
       Crystal plate arm |       |       |       |    36 ||    36
       Gold dragon scale |       |       |       |   145 ||   145
Dodge: Dodged            |    65 |    30 |    86 |    75 ||   256
Block: Shield            |    81 |    76 |   192 |   156 ||   505
       Large shield      |       |       |       |   447 ||   447
